 Dungeon Crawl Stone Soup version 0.30-a0-54-g2e61a25929 (webtiles) character file.

Game seed: 13438351777996672431

74 Newt the Trooper (level 4, -1/37 HPs)
             Began as a Demonspawn Gladiator on Sept 8, 2022.
             Slain by a komodo dragon (shapeshifter) (10 damage)
             ... on level 3 of the Dungeon.
             The game lasted 00:05:26 (2339 turns).

Newt the Trooper (Demonspawn Gladiator)             Turns: 2339, Time: 00:05:26

Health: -1/37      AC:  5    Str: 17    XL:     4   Next: 9%
Magic:  4/4        EV: 27    Int:  9    God:
Gold:   117        SH:  0    Dex: 14    Spells: 3/3 levels left

rFire   . . .      SeeInvis .    a - +0 rapier (chaos)
rCold   . . .      Faith    .    (no shield)
rNeg    . . .      Spirit   .    b - +0 leather armour
rPois   .          Reflect  .    c - +0 helmet
rElec   .          Harm     .    i - +0 cloak
rCorr   .          Rampage  .    (no gloves)
Will    .....                    (no boots)
Stlth   ++........               p - amulet of the acrobat
HPRegen 0.12/turn                (no ring)
MPRegen 0.09/turn                (no ring)

@: mighty, acrobatic
A: powered by pain 1
a: no special abilities


You were on level 3 of the Dungeon.
You visited 1 branch of the dungeon, and saw 3 of its levels.

You collected 117 gold pieces.

Inventory:

Hand Weapons
 a - a +0 rapier of chaos (weapon)
Missiles
 d - 2 throwing nets (quivered)
 e - a javelin
 o - 16 stones
Armour
 b - a +0 leather armour (worn)
 c - a +0 helmet (worn)
 f - a +0 ring mail
 i - a +0 cloak (worn)
Jewellery
 p - an amulet of the acrobat (around neck)
Scrolls
 g - 2 scrolls of magic mapping
 j - 2 scrolls of torment
Potions
 h - a potion of resistance
 k - a potion of curing
 l - a potion of ambrosia
 m - a potion of lignification
 n - a potion of brilliance {unknown}


   Skills:
 + Level 3.8 Fighting
 - Level 2.6 Short Blades
 - Level 1.7 Throwing
 - Level 2.6 Dodging
 - Level 2.0 Stealth


You had 3 spell levels left.
You didn't know any spells.
Your spell library contained the following spells:

 Spells                   Type           Power      Damage    Failure   Level
 Summon Guardian Golem    Hex/Summ       0%         N/A       83%         3
 Orb of Destruction       Conj           0%         9d5       100%        7
 Spellforged Servitor     Conj/Summ      0%         N/A       100%        7


Dungeon Overview and Level Annotations

Branches:
Dungeon (3/15)

Altars:
Ru


Innate Abilities, Weirdness & Mutations

You sometimes gain a little power by taking damage.


Message History

The komodo dragon is poisoned.
The komodo dragon is moderately wounded.
The komodo dragon struggles against the net.
You hit the komodo dragon but do no damage.
The komodo dragon is moderately wounded.
The komodo dragon blinks!
You see here a throwing net.
d - 3 throwing nets (gained 1)
The komodo dragon is no longer moving slowly.
Throw: 3 throwing nets
Press: ? - help, Q - select action, (/) - cycle Shift-Dir - straight line, f/p - komodo dragon
Aim: a komodo dragon shaped shifter (heavily wounded, poisoned, 67% to hit)
You throw a throwing net.
The throwing net hits the komodo dragon.
The komodo dragon is caught in the net!
The komodo dragon is heavily wounded.
The komodo dragon struggles against the net.
You hit the komodo dragon but do no damage.
The komodo dragon flickers and vanishes!
Deactivating autopickup; reactivate with Ctrl-A.
Something wriggles in the net.
You hit something but do no damage.
Something wriggles in the net.
You hit something but do no damage.
Something wriggles in the net.
You hit something. You freeze something.
Something wriggles in the net.
You hit something but do no damage.
Something wriggles in the net.
All of a sudden the net rips apart!
You puncture something! You burn something. You hit something.
Nothing appears to happen.
Something bites you but does no damage.
You miss something. Something bites you.
You barely miss something. Something bites you.
You miss something. Something bites you but does no damage.
You hit something but do no damage. Something bites you!!
You focus on the pain.
You feel very mighty all of a sudden. Something bites you.
* * * LOW HITPOINT WARNING * * *
Something closely misses you. Something bites you!
You die...

## #. #. #############
# #.# .......@....##.##
#.# #########.......#
#.############.#.#....
##....................#
#..........<)..........
#...###.#########.##..#
#.†.# #.# ... .# #...#
#.# ###... #...###.##
.#


There were no monsters in sight!

Vanquished Creatures
  3 adders (D:2)
  A dart slug (D:3)
  4 bats
  3 endoplasms (D:1)
  5 giant cockroaches
  5 goblins (D:1)
  3 hobgoblins
  3 quokkas
  4 ball pythons
  2 frilled lizards
  4 kobolds
  7 rats
44 creatures vanquished.

Vanquished Creatures (others)
  A fungus (D:3)
1 creature vanquished.

Grand Total: 45 creatures vanquished

Notes
Turn   | Place    | Note
-------+----------+-------------------------------------------
     0 | D:1      | Newt the Demonspawn Gladiator began the quest for the Orb.
     0 | D:1      | Reached XP level 1. HP: 16/16 MP: 1/1
    38 | D:1      | Reached skill level 1 in Stealth
   147 | D:1      | Gained mutation: You sometimes gain a little power by
                  | taking damage. [demonic ancestry]
   147 | D:1      | Reached XP level 2. HP: 15/22 MP: 2/2
   605 | D:1      | Reached XP level 3. HP: 28/28 MP: 3/3
  1379 | D:2      | Reached skill level 3 in Fighting
  1701 | D:2      | Reached XP level 4. HP: 14/37 MP: 4/4
  2238 | D:3      | Found a sacrificial altar of Ru.
  2313 | D:3      | Noticed a shapeshifter
  2313 | D:3      | an adder changed into a shapeshifter
  2313 | D:3      | Noticed a komodo dragon
  2313 | D:3      | a shapeshifter changed into a komodo dragon
  2339 | D:3      | Slain by a komodo dragon (shapeshifter)

Illustrated notes

Levels and vault maps discovered:
D:1:      dpeg_arrival_prison, layout_basic, minmay_misc_feat_alley,
          minmay_ruptured
D:2:      layout_loops_ring
D:3:      layout_loops_ring, elyvilon_altar_1, overflow_temple_1_default,
          amethyst_killhole

Skill      XL: |  1  2  3 |
---------------+----------+-----
Stealth        | 1 2 |  2.0
Fighting       | 3 |  3.8
Short Blades   | |  2.6
Throwing       | |  1.7
Dodging        | |  2.6

Action                   |  1- 3 |  4- 6 || total
-------------------------+-------+-------++-------
Melee: Rapier            |   123 |    34 ||   157
Throw: Throwing net      |       |     2 ||     2
  Use: Scroll            |     8 |     3 ||    11
 Stab: Sleeping          |     4 |       ||     4
       Held in net/web   |       |     1 ||     1
Armor: Leather armour    |    32 |     7 ||    39
Dodge: Dodged            |    71 |    28 ||    99

Table legend: (Time is in decaauts)
 A = Elapsed time spent in this place.
 B = Non-inter-level travel time spent in this place.
 C = Inter-level travel time spent in this place.
 D = Time resting spent in this place.
 E = Time spent auto-exploring this place.
 F = Levels seen in this place.
 G = Mean time per level.
                   A        B        C        D        E       F      G
               +--------+--------+--------+--------+--------+-----+--------+
         Total |   2349 |   2297 |     52 |    596 |    887 |   3 |  783.0 |
       Dungeon |   2349 |   2297 |     52 |    596 |    887 |   3 |  783.0 |
               +--------+--------+--------+--------+--------+-----+--------+

Top non-repeatable levels by time:
     D:2: 1059 daAuts
     D:1: 1042 daAuts
     D:3: 248 daAuts
